 Dungeon Crawl Stone Soup version 0.23.2-40-g277498a001 (webtiles) character file.

Game seed: 8436589830711904231

63 WheelCrazy the Poker (level 4, 0/34 HPs)
             Began as a Merfolk Gladiator on Sept 25, 2019.
             Killed by divine providence
             ... invoked by an orc priest
              (15 damage)
             ... on level 3 of the Dungeon.
             The game lasted 00:03:55 (1459 turns).

WheelCrazy the Poker (Merfolk Gladiator)            Turns: 1459, Time: 00:03:55

Health: 0/34       AC:  5    Str: 14    XL:     4   Next: 10%
Magic:  4/4        EV: 15    Int:  7    God:
Gold:   66         SH:  0    Dex: 16    Spells: 3/3 levels left

rFire    . . .     SeeInvis .   a - +0 trident
rCold    . . .     Gourm    .   (no shield)
rNeg     . . .     Faith    .   b - +0 leather armour
rPois    +         Spirit   .   c - +0 helmet
rElec    .         Reflect  .   (no cloak)
rCorr    .         Harm     .   (no gloves)
MR       .....                  l - +0 pair of boots
Stlth    ++........             (no amulet)
HPRegen  0.11/turn              e - ring of poison resistance
MPRegen  0.09/turn              (no ring)

@: no status effects
A: change form in water, swift swim, stealthy swim
a: no special abilities


You were on level 3 of the Dungeon.
You were not hungry.

You visited 1 branch of the dungeon, and saw 3 of its levels.

You collected 66 gold pieces.

Inventory:

Hand Weapons
 a - a +0 trident (weapon)
Missiles
 d - 3 throwing nets (quivered)
Armour
 b - a +0 leather armour (worn)
 c - a +0 helmet (worn)
 l - a +0 pair of boots (worn)
Jewellery
 e - a ring of poison resistance (left hand)
Scrolls
 g - 3 scrolls of identify {unknown}
 j - a scroll of magic mapping {unknown}
 k - a scroll of random uselessness {unknown}
 o - 2 scrolls of immolation {unknown}
Potions
 h - a potion of might {unknown}
 i - a potion of lignification {unknown}
 n - 3 potions of curing {unknown}
 p - 4 potions of flight {unknown}
 q - a potion of cancellation {unknown}
Comestibles
 f - 4 rations
 m - 2 chunks of flesh


   Skills:
 + Level 2.7 Fighting
 * Level 5.2 Polearms
 + Level 2.3 Throwing
 * Level 5.0 Dodging
 + Level 1.1 Stealth


You had 3 spell levels left.
You didn't know any spells.
Your spell library was empty.

Dungeon Overview and Level Annotations

Branches:
Dungeon (3/15)

Altars:
Ashenzari


Message History

Beogh smites you! The orc closely misses you.
The adder hisses angrily.
You hit the orc.
The orc is moderately wounded.
The orc hits you but does no damage.
You hit the orc but do no damage.
The orc is moderately wounded.
The orc completely misses you.
You hit the orc.
You kill the orc!
You hit the orc priest.
The orc priest is moderately wounded.
The orc priest hits you with a +0 flail.
You hit the orc priest.
The orc priest is heavily wounded.
You closely miss the orc priest.
The orc priest is heavily wounded.
The orc priest mumbles some strange prayers to Beogh against you.
Beogh smites you!
You die...

.... ... .####..
....... .......
.oo....##
.......S# #o# .#
#@# .# #.##.#
#..#.#
##.#.#############
#(#.#............
#...#.###########
##).#.#..<# #
#.>#....## #
##.#############


You could see an orc priest and an adder.

Vanquished Creatures
  An ooze (D:2)
  2 dart slugs
  3 orcs (D:3)
  3 ball pythons
  4 giant cockroaches
  5 goblins (D:2)
  10 hobgoblins
  4 jackals (D:1)
  A bat (D:1)
  3 frilled lizards (D:1)
  3 kobolds
  7 rats
46 creatures vanquished.

Notes
Turn   | Place    | Note
-------+----------+-------------------------------------------
     0 | D:1      | WheelCrazy the Merfolk Gladiator began the quest for the
                  | Orb.
     0 | D:1      | Reached XP level 1. HP: 16/16 MP: 1/1
   141 | D:1      | Reached XP level 2. HP: 22/22 MP: 2/2
   596 | D:2      | Found a shattered altar of Ashenzari.
   606 | D:2      | Reached XP level 3. HP: 21/28 MP: 3/3
  1005 | D:2      | Reached skill level 5 in Polearms
  1030 | D:2      | Reached skill level 1 in Stealth
  1309 | D:2      | Reached skill level 5 in Dodging
  1442 | D:3      | Reached XP level 4. HP: 33/34 MP: 4/4
  1459 | D:3      | Killed from afar by an orc priest

Skill      XL: |  1  2  3 |
---------------+----------+-----
Polearms       | 5 |  5.2
Stealth        | 1 |  1.1
Dodging        | 5 |  5.0
Fighting       | |  2.7
Throwing       | |  2.3

Action                   |  1- 3 |  4- 6 || total
-------------------------+-------+-------++-------
Melee: Trident           |   114 |    17 ||   131
 Stab: Sleeping          |     7 |       ||     7
       Distracted        |     1 |       ||     1
  Eat: Chunk             |     2 |       ||     2
Armor: Leather armour    |    14 |     1 ||    15
Dodge: Dodged            |    60 |     9 ||    69
